 Dungeon Crawl Stone Soup version 0.31-a0-1338-gb567cfdca4 (webtiles) character file.

Game seed: 2219273776966900250

2445 jasper the Cruncher (level 9, -9/58 (61) HPs)
             Began as a Human Gladiator on Dec 22, 2023.
             Mangled by a wight
             ... wielding a +0 morningstar
              (10 damage)
             ... on level 6 of the Dungeon.
             The game lasted 00:12:08 (7488 turns).

jasper the Cruncher (Human Gladiator)               Turns: 7488, Time: 00:12:09

HP:   -9/58 (61)    AC: 12    Str: 19    XL:     9   Next: 49%
MP:   9/9           EV:  8    Int:  9    God:
Gold: 1238          SH:  0    Dex: 14    Spells: 8/8 levels left

rFire   + . .        J - +3 lajatang (distort)
rCold   . . .        (shield currently unavailable)
rNeg    . . .        s - +0 chain mail
rPois   +            c - +1 helmet
rElec   .            H - +0 cloak
rCorr   .            j - +0 pair of gloves
SInv    .            (no boots)
Will    .....        (no amulet) Stlth
                     k - ring of poison resistance
HPRegen 0.29/turn    A - ring of protection from fire
MPRegen 0.11/turn

%: no passive effects
@: lightly drained
A: explore regen
a: no special abilities


You were on level 6 of the Dungeon.
You visited 1 branch of the dungeon, and saw 7 of its levels.
You also visited: Sewer.

You collected 1238 gold pieces.

Inventory:

Hand Weapons
 a - a +0 quarterstaff
 h - a +0 sling
 o - a +0 quarterstaff
 J - a +3 lajatang of distortion (weapon)
Missiles
 d - a throwing net
 e - 15 poisoned darts
 l - 87 stones
 m - 4 datura-tipped darts
 n - 6 boomerangs (quivered)
 t - a javelin
 y - 4 atropa-tipped darts
Armour
 b - a +0 leather armour
 c - a +1 helmet (worn)
 j - a +0 pair of gloves (worn)
 p - the +2 robe "Archio" {rElec Int+3 Stlth+}
   (You found it on level 2 of the Dungeon)

   Int+3:     It affects your intelligence (+3).
   rElec:     It insulates you from electricity.
   Stlth+:    It makes you more stealthy.
 s - a +0 chain mail (worn)
 x - a +0 ring mail
 C - a +0 scale mail
 H - a +0 cloak (worn)
Magical Staves
 u - a staff of air
Jewellery
 k - a ring of poison resistance (left hand)
 A - a ring of protection from fire (right hand)
Wands
 r - a wand of flame (9)
 z - a wand of quicksilver (8)
Scrolls
 i - 2 scrolls of torment
 G - a scroll of enchant armour
 L - a scroll of vulnerability
Potions
 f - a potion of curing
 g - a potion of haste
 q - a potion of degeneration {unknown}
 v - a potion of attraction
 w - a potion of cancellation
 B - 2 potions of resistance {unknown}
 D - 2 potions of enlightenment
 E - 3 potions of might
 F - a potion of mutation
 I - 2 potions of heal wounds {unknown}


   Skills:
 - Level 2.0 Fighting
 + Level 12.8 Staves
 - Level 2.0 Throwing
 - Level 3.0 Dodging


You had 8 spell levels left.
You didn't know any spells.
Your spell library contained the following spells:

 Spells                   Type           Power      Damage    Failure   Level
 Magic Dart               Conj           0%         1d3       99%         1
 Blink                    Tloc           0%         N/A       99%         2
 Lesser Beckoning         Tloc           0%         N/A       99%         2
 Momentum Strike          Conj/Tloc      0%         3d8       99%         2
 Searing Ray              Conj           0%         2d4       99%         2
 Fulminant Prism          Conj/Alch      0%         3d5       100%        4
 Vhi's Electric Charge    Tloc/Air       0%         N/A       100%        4
 Arcjolt                  Conj/Air       0%         1d10      100%        5
 Plasma Beam              Fire/Air       0%         2x1d10    100%        6


Dungeon Overview and Level Annotations

Branches:
Dungeon (7/15)              Sewer (visited)
 Temple: D:4-7

Altars:
Trog


Innate Abilities, Weirdness & Mutations

You regain HP and MP as you explore.


Message History

There is a stone staircase leading up, spattered with blood here.
You see here a +0 shortbow.
The gnoll bouda hits you with a +0 whip.
The wight hits you with a +0 morningstar!
You feel drained.
You climb upwards.
Your attacks no longer feel as feeble.
There is a stone staircase leading down here.
You take 13 damage, and have 25/59 hp.
MASSIVE DAMAGE!!
You barely miss the gnoll bouda.
The gnoll bouda gazes fiercely through you!
You feel your attacks grow feeble.
The gnoll bouda hits you with a +0 whip.
The wight hits you with a +0 morningstar!
* * * LOW HITPOINT WARNING * * *
You take 11 damage, and have 14/59 hp.
You slash the gnoll bouda!
Space warps around the gnoll bouda.
The gnoll bouda is severely wounded.
The gnoll bouda misses you.
The wight hits you with a +0 morningstar.
* * * LOW HITPOINT WARNING * * *
You take 6 damage, and have 8/59 hp.
You hit the wight.
The wight is heavily damaged.
The wight blinks!
The gnoll bouda hits you with a +0 whip.
* * * LOW HITPOINT WARNING * * *
You take 3 damage, and have 5/59 hp.
You slash the gnoll bouda!
You kill the gnoll bouda!
The wight hits you with a +0 morningstar.
* * * LOW HITPOINT WARNING * * *
You feel drained.
* * * LOW HITPOINT WARNING * * *
You take 5 damage, and have 1/58 hp.
You hit the wight.
The wight is severely damaged.
Your attacks no longer feel as feeble.
The wight hits you with a +0 morningstar!
You die...

###################
#.@z...............
#>#############.##.
#<# #.....##.##.
#.# #.....##.##.
#.# #...........
#.# #.....##.###
#.# #.....##....
#.# ###.#.......
#.# #.#.######


You could see a wight.

Vanquished Creatures
  Sigmund (D:3)
  Eustachio (D:6)
  A water moccasin (D:5)
  A sky beast (D:6)
  A black bear (D:6)
  An ogre (D:5)
  3 centaurs
  2 brain worms (Sewer)
  A kobold brigand (Sewer)
  A bullfrog (D:7)
  3 wights (D:6)
  5 killer bees
  2 hounds (D:4)
  A gnoll bouda (D:6)
  3 orc priests (D:4)
  5 iguanas
  A sleepcap (D:4)
  Jessica (D:2)
  6 orc wizards
  Natasha (thrice) (D:2)
  17 adders
  6 gnolls
  3 river rats (Sewer)
  A bombardier beetle (D:5)
  3 worms
  2 dart slugs
  15 orcs
  4 endoplasms
  4 giant cockroaches
  6 goblins
  7 hobgoblins
  16 jackals
  9 kobolds
  6 quokkas
  11 ball pythons
  2 bats
  8 frilled lizards
  5 rats
168 creatures vanquished.

Vanquished Creatures (collateral kills)
  Terence (D:3)
  A goblin (D:3)
  2 jackals (D:3)
4 creatures vanquished.

Vanquished Creatures (others)
  A hobgoblin (D:3)
1 creature vanquished.

Grand Total: 173 creatures vanquished

Notes
Turn   | Place    | Note
-------+----------+-------------------------------------------
     0 | D:1      | jasper the Human Gladiator began the quest for the Orb.
     0 | D:1      | Reached XP level 1. HP: 16/16 MP: 1/1
   409 | D:1      | Reached XP level 2. HP: 22/22 MP: 2/2
   493 | D:1      | Reached skill level 4 in Staves
   554 | D:1      | Reached XP level 3. HP: 27/27 MP: 3/3
  1495 | D:2      | Reached XP level 4. HP: 33/33 MP: 4/4
  1563 | D:2      | Identified the +2 robe "Archio" {rElec Int+3 Stlth+}
  1739 | D:2      | Noticed Jessica
  1753 | D:2      | Killed Jessica
  1754 | D:2      | Reached skill level 5 in Staves
  1877 | D:2      | Noticed Natasha
  1879 | D:2      | Killed Natasha
  1880 | D:2      | Reached XP level 5. HP: 38/38 MP: 5/5
  1927 | D:2      | Noticed Natasha
  1937 | D:2      | Killed Natasha
  2137 | D:2      | Noticed Natasha
  2147 | D:2      | Killed Natasha
  2148 | D:2      | Reached skill level 6 in Staves
  2300 | D:3      | Noticed Sigmund
  2320 | D:3      | Killed Terence
  2498 | D:3      | Killed Sigmund
  2499 | D:3      | Reached XP level 6. HP: 20/44 MP: 6/6
  2673 | D:3      | Found a faded altar of an unknown god.
  2886 | D:3      | Reached skill level 7 in Staves
  3757 | D:4      | Reached XP level 7. HP: 50/50 MP: 7/7
  3936 | D:4      | Reached skill level 8 in Staves
  3983 | D:4      | Identified the +3 spear "Ymema" {vamp, Str+4 SInv Stlth+}
  4184 | D:4      | Identified a scroll of acquirement
  4184 | D:4      | Acquired 816 gold pieces
  4265 | D:5      | Entered Level 5 of the Dungeon
  4286 | D:4      | HP: 2/50 [orc priest/+0 falchion (5)]
  4632 | D:5      | Reached skill level 9 in Staves
  5145 | D:5      | Reached XP level 8. HP: 43/56 MP: 8/8
  5608 | D:6      | Found a glowing drain.
  5642 | D:6      | Reached skill level 10 in Staves
  5663 | Sewer    | Entered a sewer
  6123 | Sewer    | Reached skill level 11 in Staves
  6595 | D:6      | Reached XP level 9. HP: 52/61 MP: 9/9
  6680 | D:6      | Acquired a +3 lajatang of distortion
  6723 | D:6      | Noticed Eustachio
  6755 | D:6      | Killed Eustachio
  6756 | D:6      | Reached skill level 12 in Staves
  6756 | D:6      | Found a bloodstained altar of Trog.
  7165 | D:6      | HP: 1/61 [killer bee (7)]
  7487 | D:6      | HP: 2/60 [wight/+0 morningstar (4)]
  7488 | D:6      | Mangled by a wight

Illustrated notes

Levels and vault maps discovered:
D:1:      psy_arrival_basics, layout_loops_cross, minivault_5, kennysheep_boxes
D:2:      layout_loops_ring, grunt_decor_cap, chequers_serial_rivers_large_a,
          uniq_natasha, uniq_jessica
D:3:      layout_loops_ring, shapermc_ecumenical_altar_starsandcircs,
          corexii_corridor_pit, nrook_uturn, uniq_terence, uniq_sigmund
D:4:      layout_basic, hangedman_minor_gate_pass
D:5:      layout_cave_pods
D:6:      layout_loops_ring, nicolae_overflow_crystal_walls,
          mainiacjoe_sewer_entry_somewhere_in_here_1, uniq_eustachio
D:7:      layout_cave_pools, minmay_temple_entry_butterflies, serial_gnoll_camp,
          gnoll_camp_medium_01, gnoll_camp_mini_hut, gnoll_camp_mini_shop,
          gnoll_camp_mini_basic, hangedman_misty_isle

Skill      XL: |  1  2  3  4  5  6  7  8  9 |
---------------+----------------------------+-----
Staves         | 4 5 6 7 9 11 12 | 12.8
Fighting       | |  2.0
Throwing       | |  2.0
Dodging        | |  3.0

Action                     |  1- 3 |  4- 6 |  7- 9 || total
---------------------------+-------+-------+-------++-------
  Melee: Quarterstaff      |    95 |   143 |   285 ||   523
         Lajatang          |       |       |    76 ||    76
  Throw: Throwing net      |     1 |     3 |     1 ||     5
         Stone             |    11 |       |       ||    11
         Boomerang         |       |    56 |    77 ||   133
         Dart              |       |     4 |       ||     4
         Javelin           |       |     1 |       ||     1
    Use: Scroll            |       |       |    16 ||    16
         Potion            |       |       |     2 ||     2
   Stab: Held in net/web   |     2 |       |     1 ||     3
 Armour: Leather armour    |    44 |       |       ||    44
         Robe              |       |    30 |       ||    30
         Chain mail        |       |    57 |   313 ||   370
  Dodge: Dodged            |    56 |    72 |   153 ||   281

Table legend: (Time is in decaauts)
 A = Elapsed time spent in this place.
 B = Non-inter-level travel time spent in this place.
 C = Inter-level travel time spent in this place.
 D = Time resting spent in this place.
 E = Time spent auto-exploring this place.
 F = Levels seen in this place.
 G = Mean time per level.
                   A        B        C        D        E       F      G
               +--------+--------+--------+--------+--------+-----+--------+
         Total |   7602 |   7326 |    276 |   1003 |   4630 |   8 |  950.2 |
       Dungeon |   6710 |   6434 |    276 |   1001 |   3956 |   7 |  958.6 |
         Sewer |    891 |    891 |      0 |      2 |    674 |   1 |  891.0 |
               +--------+--------+--------+--------+--------+-----+--------+

Top non-repeatable levels by time:
     D:2: 1202 daAuts
     D:4: 1175 daAuts
     D:3: 1134 daAuts
     D:1: 1109 daAuts
     D:6: 1027 daAuts
     D:5: 986 daAuts
   Sewer: 891 daAuts
     D:7: 74 daAuts
